 Dungeon Crawl Stone Soup version 0.25-a0-578-gc91f01c39c (webtiles) character file.

Game seed: 1478498827362600230, levelgen mode: deterministic

13 Forecaster the Sneak (level 2, 0/22 HPs)
             Began as a Naga Wizard on Mar 4, 2020.
             Slain by a jackal (3 damage)
             ... on level 1 of the Dungeon.
             The game lasted 00:02:02 (239 turns).

Forecaster the Sneak (Naga Wizard)                   Turns: 239, Time: 00:02:03

Health: 0/22       AC:  2    Str:  9    XL:     2   Next: 37%
Magic:  0/6        EV:  9    Int: 18    God:
Gold:   10         SH:  0    Dex:  9    Spells: 6/7 levels left

rFire    . . .     SeeInvis +   (no weapon)
rCold    . . .     Gourm    .   (no shield)
rNeg     . . .     Faith    +   g - +0 leather armour
rPois    +         Spirit   .   b - +0 hat
rElec    .         Reflect  .   (no cloak)
rCorr    .         Harm     .   (no gloves)
MR       .....                  (no barding)
Stlth    +.........             e - amulet of faith
HPRegen  0.07/turn              h - ring of attention (curse)
MPRegen  0.10/turn              (no ring)

@: very slow
A: large, see invisible, deformed body, poison resistance, slowness 2, slow
metabolism 1, spit poison 1, AC +0
a: Spit Poison


You were on level 1 of the Dungeon.
You were not hungry.

You visited 1 branch of the dungeon, and saw 1 of its levels.

You collected 10 gold pieces.

Inventory:

Missiles
 j - 21 poisoned darts (quivered)
Armour
 a - a +0 robe
 b - a +0 hat (worn)
 g - a +0 leather armour (worn)
Jewellery
 e - an amulet of faith (around neck)
 h - a cursed ring of attention (left hand)
Scrolls
 c - a scroll of remove curse {unknown}
 i - a scroll of enchant weapon {unknown}
Potions
 k - a potion of invisibility {unknown}
Comestibles
 d - a ration
 f - a chunk of flesh


   Skills:
 + Level 1.7 Dodging
 + Level 3.3 Stealth
 + Level 3.3 Spellcasting
 + Level 1.2 Conjurations
   Level 1.0 Summonings
   Level 1.0 Translocations


You had 6 spell levels left.
You knew the following spells:

 Your Spells              Type           Power        Failure   Level  Hunger
a - Magic Dart            Conj           #...         14%         1    None

Your spell library contained the following spells:

 Spells                   Type           Power        Failure   Level  Hunger
 Blink                    Tloc           N/A          22%         2    ##.....
 Call Imp                 Summ           #.......     22%         2    ##.....
 Slow                     Hex            #.......     32%         2    ##.....
 Conjure Flame            Conj/Fire      #.......     45%         3    ###....
 Mephitic Cloud           Conj/Pois/Air  #.......     50%         3    ###....


Dungeon Overview and Level Annotations

Branches:
Dungeon (1/15)

Altars:


Innate Abilities, Weirdness & Mutations

You cannot wear boots.
Your serpentine skin is tough. (AC +0)
You have supernaturally acute eyesight. (SInv)
Armour fits poorly on your strangely shaped body.
Your system is resistant to poisons. (rPois)
You cover ground very slowly.
You have a slow metabolism.
You can spit poison.


Message History

The jackal bites you. x3
* * * LOW HITPOINT WARNING * * *
The jackal closely misses you. x2
You miss the jackal.
The jackal is heavily wounded.
The jackal closely misses you. The jackal bites you.
* * * LOW HITPOINT WARNING * * *
The jackal barely misses you. The jackal closely misses you.
Casting: Magic Dart (safe; 14% risk of failure)
Confirm with . or Enter, or press ? or * to list all spells.
Aiming: Magic Dart (safe; 14% risk of failure)
Press: ? - help, Shift-Dir - straight line, f - jackal, p - jackal
Aim: a jackal (heavily wounded)
The magic dart hits the jackal but does no damage.
The jackal is heavily wounded.
The jackal barely misses you. The jackal bites you.
* * * LOW HITPOINT WARNING * * *
The jackal barely misses you. The jackal bites you.
You die...

#####.#.....[...###..#.#.#
#.....###...##.. ...#...#
######.#######......#
##..###.. #..>...#
##...#### #.## ##
#..##..#####...## #..#
##.............#######..#
#..#.##................###
#.. #.
#.......hh.###...... #
#.##.......@h........#
........#######..###..
#..###### ###.## ##. #h..#
# #.### #.# #...# ..).>#
.......#


You could see 3 jackals.

Vanquished Creatures
  A leopard gecko (D:1)
  6 bats (D:1)
  2 giant cockroaches (D:1)
  A goblin (D:1)
  A rat (D:1)
11 creatures vanquished.

Notes
Turn   | Place    | Note
-------+----------+-------------------------------------------
     0 | D:1      | Forecaster the Naga Wizard began the quest for the Orb.
     0 | D:1      | Reached XP level 1. HP: 15/15 MP: 4/4
   128 | D:1      | Reached XP level 2. HP: 14/22 MP: 1/6
   239 | D:1      | Slain by a jackal

Levels and vault maps discovered:
D:1:      minmay_arrival_five_plusses, layout_rooms, minmay_misc_feat_iff

Action                   || total
-------------------------++-------
Melee: Unarmed           ||    28
 Cast: Magic Dart        ||    23
Armor: Leather armour    ||     7
       Robe              ||     2
Dodge: Dodged            ||    35

Table legend:
 A = Non-vault XP
 B = Vault XP
 C = Vault XP percentage of total XP
 D = Non-vault monster count
 E = Vault monster count
 F = Vault count percentage of total count
                 A         B        C        D         E       F
            +---------+---------+-------+---------+---------+-------
      Total |      19 |       0 |   0.0 |      11 |       0 |   0.0
            +---------+---------+-------+---------+---------+-------
        D:1 |      19 |       0 |   0.0 |      11 |       0 |   0.0
            +---------+---------+-------+---------+---------+-------
